 Dungeon Crawl Stone Soup version 0.32-a0-876-gcfddb08e57 (webtiles) character file.

Game seed: 17338279626455645313

65 rvierbuc the Conjurer (level 4, -1/27 HPs)
             Began as an Octopode Conjurer on Mar 31, 2024.
             Slain by an orc wizard
             ... wielding a +0 dagger
              (3 damage)
             ... on level 3 of the Dungeon.
             The game lasted 00:05:40 (2232 turns).

rvierbuc the Conjurer (Octopode Conjurer)           Turns: 2232, Time: 00:05:41

Health: -1/27      AC:  1    Str:  6    XL:     4   Next: 14%
Magic:  1/7        EV: 12    Int: 22    God:
Gold:   92         SH:  0    Dex: 10    Spells: 5/8 levels left

rFire   . . .        i - +0 dagger (speed)
rCold   . . .        (no shield)
rNeg    . . .        (helmet restricted)
rPois   .            (no amulet)
rElec   .            (no ring)
rCorr   .            (no ring)
SInv    .            (no ring)
Will    .....        (no ring)
Stlth   ++           (no ring)
HPRegen 0.24/turn    (no ring)
MPRegen 0.10/turn    (no ring)
                     (no ring)

%: no passive effects
@: confused
A: almost no armour, amphibious, 8 rings, camouflage 1, gelatinous body 1,
(nimble swimmer 1), tentacles
a: no special abilities


You were on level 3 of the Dungeon.
You visited 1 branch of the dungeon, and saw 3 of its levels.

You collected 92 gold pieces.

Inventory:

Hand Weapons
 i - a +0 dagger of speed (weapon)
Jewellery
 l - a ring of protection from cold
Scrolls
 c - 2 scrolls of identify {unknown}
 d - a scroll of revelation {unknown}
 f - a scroll of blinking {unknown}
 j - a scroll of fog {unknown}
Potions
 a - a potion of magic
 b - a potion of enlightenment {unknown}
 e - a potion of brilliance {unknown}
 g - a potion of lignification {unknown}
 h - a potion of heal wounds {unknown}
 k - a potion of curing {unknown}


   Skills:
 + Level 2.7 Dodging
 + Level 3.7 Stealth
 + Level 2.6 Spellcasting
 + Level 4.4 Conjurations


You had 5 spell levels left.
You knew the following spells:

 Your Spells              Type           Power      Damage    Failure   Level
a - Magic Dart            Conj           88%        1d7       1%          1
b - Searing Ray           Conj           44%        2d6       3%          2

Your spell library contained the following spells:

 Spells                   Type           Power      Damage    Failure   Level
 Summon Small Mammal      Summ           8%         N/A       13%         1
 Ensorcelled Hibernation  Hex/Ice        4%         N/A       21%         2
 Call Canine Familiar     Summ           2%         N/A       36%         3
 Passwall                 Erth           2%         N/A       36%         3
 Swiftness                Air            2%         N/A       36%         3
 Fulminant Prism          Conj/Alch      6%         3d7       45%         4
 Iskenderun's Mystic Bla Conj/Tloc 12%            2d5        (+2d2     45%         4
 Summon Blazeheart Golem  Fire/Summ      2%         N/A       78%         4


Dungeon Overview and Level Annotations

Branches:
Dungeon (3/15)

Altars:


Innate Abilities, Weirdness & Mutations

You cannot wear most types of armour.
You are amphibious.
You can wear up to eight rings at the same time.
Your skin changes colour to match your surroundings (Stealth+).
Your rubbery body absorbs attacks. (AC +1, EV +1)
((You are camouflaged when in or above water. (Stealth+)))
You have tentacles for arms and can constrict up to eight enemies at once.


Message History

The searing ray hits the orc.
The orc is heavily wounded.
The searing ray hits something. (Press . to maintain the ray.)
The searing ray hits the orc!
You kill the orc!
The searing ray hits something.
A magic dart appears from out of thin air!
The magic dart hits you!
The searing ray hits something.
You finish channelling your searing ray.
You closely miss something. Something hits you.
You closely miss something. You barely miss something.
Your squeeze misses something. Something hits you.
You barely miss something. Something hits you.
You hit something but do no damage. Your squeeze misses something.
You barely miss something. Something hits you.
You miss something.
You hear some strange, mumbled words.
A puff of flame appears from out of thin air!
The puff of flame hits you!
* * * LOW HITPOINT WARNING * * *
You are too injured to fight recklessly!
Casting: Searing Ray (safe; 3% risk of failure)
Confirm with . or Enter, or press ? or * to list all spells.
Aiming: Magic Dart (safe; 1% risk of failure)
Press: ? - help, Shift-Dir - straight line, f - you
Okay, then.
You hear some strange, mumbled words.
Something tries to affect you, but you resist.
Casting: Magic Dart (safe; 1% risk of failure)
Confirm with . or Enter, or press ? or * to list all spells.
Okay, then.
Something hits you.
* * * LOW HITPOINT WARNING * * *
You hear some strange, mumbled words.
You are confused.
You bump into the rock wall.
Something hits you.
You die...

#.# #.# #.# #.#
#.# #†### #...##
.# #####...###.#
#.....@...#.#
#)###...#.#.# #.
##.##.#.##### #.
#.##.#.....## #.
#.......<.... #.
####..####.# #.
#..# #. #..#
...######..####.##


There were no monsters in sight!

Vanquished Creatures
  An adder (D:2)
  2 ribbon worms
  2 orcs (D:3)
  8 bats
  7 endoplasms
  5 goblins
  6 hobgoblins
  A jackal (D:3)
  A quokka (D:1)
  2 ball pythons
  A frilled lizard (D:2)
  3 kobolds
  5 rats
44 creatures vanquished.

Notes
Turn   | Place    | Note
-------+----------+-------------------------------------------
     0 | D:1      | rvierbuc the Octopode Conjurer began the quest for the Orb.
     0 | D:1      | Reached XP level 1. HP: 11/11 MP: 3/3
   357 | D:1      | Reached XP level 2. HP: 17/17 MP: 3/5
   360 | D:1      | Learned a level 2 spell: Searing Ray
  1165 | D:1      | Found a faded altar of an unknown god.
  1198 | D:2      | Reached XP level 3. HP: 21/21 MP: 4/6
  2047 | D:3      | Reached XP level 4. HP: 27/27 MP: 1/7
  2226 | D:3      | HP: 1/27 [something (3)]
  2232 | D:3      | Slain by an orc wizard

Illustrated notes

Levels and vault maps discovered:
D:1:      dpeg_arrival_refuge, layout_basic, shapermc_ecumenical_altar_petra
D:2:      layout_basic, kennysheep_crisscross
D:3:      layout_loops_ring, xom_teletrap_fun, nicolae_houndstooth_variations

Skill      XL: |  1 |
---------------+----+-----
Stealth        | 3 |  3.7
Dodging        | |  2.7
Spellcasting   | |  2.6
Conjurations   | |  4.4

Action                     |  1- 3 |  4- 6 || total
---------------------------+-------+-------++-------
  Melee: Unarmed           |    11 |       ||    11
         Tentacles         |     5 |       ||     5
         Constrict         |     4 |       ||     4
         Punch             |     1 |       ||     1
         Dagger            |     2 |     7 ||     9
   Cast: Magic Dart        |    80 |     9 ||    89
         Searing Ray       |     1 |     1 ||     2
 Armour: Skin              |     3 |     8 ||    11
  Dodge: Dodged            |     2 |       ||     2

Table legend: (Time is in decaauts)
 A = Elapsed time spent in this place.
 B = Non-inter-level travel time spent in this place.
 C = Inter-level travel time spent in this place.
 D = Time resting spent in this place.
 E = Time spent auto-exploring this place.
 F = Levels seen in this place.
 G = Mean time per level.
                   A        B        C        D        E       F      G
               +--------+--------+--------+--------+--------+-----+--------+
         Total |   2228 |   2180 |     48 |      0 |   1927 |   3 |  742.7 |
       Dungeon |   2228 |   2180 |     48 |      0 |   1927 |   3 |  742.7 |
               +--------+--------+--------+--------+--------+-----+--------+

Top non-repeatable levels by time:
     D:1: 1196 daAuts
     D:2: 838 daAuts
     D:3: 193 daAuts
